 Dungeon Crawl Stone Soup version 0.29-a0-993-g4a18f31a58 (webtiles) character file.

Game seed: 8209800760266668721

88 porpoise the Chopper (level 4, -1/35 HPs)
             Began as a Formicid Gladiator on Aug 3, 2022.
             Slain by Crazy Yiuf
             ... wielding a +3 quarterstaff of chaos
              (8 damage)
             ... on level 2 of the Dungeon.
             The game lasted 00:05:06 (1742 turns).

porpoise the Chopper (Formicid Gladiator)           Turns: 1742, Time: 00:05:06

Health: -1/35      AC:  8    Str: 20    XL:     4   Next: 81%
Magic:  4/4        EV:  8    Int:  8    God:
Gold:   68         SH:  0    Dex: 15    Spells: 3/3 levels left

rFire   . . .      SeeInvis +   a - +0 war axe
rCold   . . .      Faith    .   (no shield)
rNeg    . . .      Spirit   .   f - +0 chain mail
rPois   .          Reflect  .   (helmet unavailable)
rElec   .          Harm     .   (no cloak)
rCorr   .          Rampage  .   (no gloves)
Will    .....                   (no boots)
Stlth   ..........              (no amulet)
HPRegen 0.11/turn               (no ring)
MPRegen 0.09/turn               (no ring)

@: lethally poisoned (-1 -> -13)
A: permanent stasis, dig shafts and tunnels, antennae 3, four strong arms
a: Dig, Shaft Self


You were on level 2 of the Dungeon.
You visited 1 branch of the dungeon, and saw 2 of its levels.

You collected 68 gold pieces.

Inventory:

Hand Weapons
 a - a +0 war axe (weapon)
 b - a +0 sling
Missiles
 c - 3 throwing nets (quivered)
 d - a javelin
Armour
 f - a +0 chain mail (worn)
 g - a +0 leather armour
Jewellery
 p - a ring of fire
Wands
 m - a wand of flame (24)
Scrolls
 i - 2 scrolls of immolation {unknown}
 j - a scroll of blinking {unknown}
 k - 2 scrolls of identify {unknown}
 l - a scroll of summoning {unknown}
Potions
 e - a potion of heal wounds {unknown}
 h - a potion of brilliance {unknown}
 n - 2 potions of berserk rage {unknown}
 o - a potion of mutation {unknown}
 q - a potion of curing {unknown}


   Skills:
 + Level 3.3 Fighting
 * Level 4.5 Axes
 - Level 2.0 Throwing
 - Level 2.6 Dodging


You had 3 spell levels left.
You didn't know any spells.
Your spell library was empty.

Dungeon Overview and Level Annotations

Branches:
Dungeon (2/15)

Altars:

Annotations:
D:2 Crazy Yiuf


Innate Abilities, Weirdness & Mutations

You cannot be hasted, slowed, berserked, paralysed or teleported.
You can dig through walls and to a lower floor.
You have a pair of large antennae on your head. (SInv)
Your four strong arms can wield two-handed weapons with a shield.


Message History

The jackal is heavily wounded.
The jackal closely misses you. The jackal barely misses you.
You hit the jackal but do no damage.
The jackal is heavily wounded.
The jackal barely misses you. The jackal closely misses you.
You barely miss the jackal.
The jackal is heavily wounded.
The jackal closely misses you. x2
You slash the jackal!
You kill the jackal!
You start resting.
HP restored.
You see here a jackal corpse.
Found an escape hatch in the floor.
q - an inky potion
Found a hammer.
Found a runed translucent door.
Crazy Yiuf shouts!
You sense a monster nearby.
You open the door.
Crazy Yiuf says, "Lay sizzlefizz sallow!"
You hit Crazy Yiuf but do no damage.
Crazy Yiuf hits you with a +3 quarterstaff of chaos.
You are poisoned.
Crazy Yiuf sings, "Trees, trees, trees, circus!"
Crazy Yiuf closely misses you.
You barely miss Crazy Yiuf. You punch Crazy Yiuf.
Crazy Yiuf is lightly wounded.
You feel very sick.
Crazy Yiuf hits you with a +3 quarterstaff of chaos.
You are more poisoned.
You slash Crazy Yiuf!
Crazy Yiuf is heavily wounded.
You feel very sick.
Crazy Yiuf hits you with a +3 quarterstaff of chaos!
You slash Crazy Yiuf!
Crazy Yiuf is almost dead.
* * * LOW HITPOINT WARNING * * *
You feel very sick.
Crazy Yiuf hits you with a +3 quarterstaff of chaos!
You die...

......# ......##.
......... ........#
........# ........#
........##♣♣ ###
...........♣♣ ♣♣#..)#
#.##........♣♣♣♣@g...#
#.##.........♣..♣#...#
#.###.......♣.♣♣♣ ###
........##♣♣♣♣♣
........#
...#....#######
..>#..........#
...#..........#
...#..........#


You could see Crazy Yiuf.

Vanquished Creatures
  Jessica (D:2)
  3 adders (D:2)
  3 dart slugs (D:1)
  3 endoplasms
  2 goblins (D:1)
  3 hobgoblins
  2 jackals (D:2)
  2 quokkas
  3 ball pythons
  A bat (D:1)
  2 frilled lizards (D:2)
  2 kobolds
  5 rats
32 creatures vanquished.

Notes
Turn   | Place    | Note
-------+----------+-------------------------------------------
     0 | D:1      | porpoise the Formicid Gladiator began the quest for the
                  | Orb.
     0 | D:1      | Reached XP level 1. HP: 16/16 MP: 1/1
   453 | D:1      | Reached XP level 2. HP: 18/23 MP: 2/2
   815 | D:1      | Reached XP level 3. HP: 23/28 MP: 3/3
  1226 | D:2      | Reached skill level 4 in Axes
  1235 | D:2      | Noticed Jessica
  1242 | D:2      | Killed Jessica
  1243 | D:2      | Reached XP level 4. HP: 33/35 MP: 4/4
  1734 | D:2      | Found a runed translucent door.
  1735 | D:2      | Noticed Crazy Yiuf
  1742 | D:2      | Slain by Crazy Yiuf

Illustrated notes

Levels and vault maps discovered:
D:1:      giann_bridges, layout_loops_ring
D:2:      minmay_skewed_foursquare, layout_rooms, uniq_jessica,
          uniq_crazy_yiuf_cottage

Skill      XL: |  1  2  3 |
---------------+----------+-----
Axes           | 4 |  4.5
Fighting       | 3 |  3.3
Throwing       | |  2.0
Dodging        | |  2.6

Action                   |  1- 3 |  4- 6 || total
-------------------------+-------+-------++-------
Melee: War axe           |    73 |    35 ||   108
       Punch             |     1 |     1 ||     2
Armor: Chain mail        |    25 |    21 ||    46
       Leather armour    |     1 |       ||     1
Dodge: Dodged            |    36 |    14 ||    50

Table legend: (Time is in decaauts)
 A = Elapsed time spent in this place.
 B = Non-inter-level travel time spent in this place.
 C = Inter-level travel time spent in this place.
 D = Time resting spent in this place.
 E = Time spent auto-exploring this place.
 F = Levels seen in this place.
 G = Mean time per level.
                   A        B        C        D        E       F      G
               +--------+--------+--------+--------+--------+-----+--------+
         Total |   1774 |   1766 |      8 |    580 |    851 |   2 |  887.0 |
       Dungeon |   1774 |   1766 |      8 |    580 |    851 |   2 |  887.0 |
               +--------+--------+--------+--------+--------+-----+--------+

Top non-repeatable levels by time:
     D:1: 1120 daAuts
     D:2: 654 daAuts
